Oilers vs Predators

Created - November 11, 2015 at 17:29

Goals
1 2 3 T
Oilers 0 0 2 2
Predators 1 1 1 3
Shots
1 2 3 T
Oilers 5 11 7 23
Predators 18 12 14 44

1st period

1. Predators , Max Pacioretty 10 (Cody Franson, Zbynek Michalek) at 9:47

Penalties :
Nicklas Backstrom (NSH) for Hooking (Minor) at 1:51, Gabriel Landeskog (EDM) for Cross-checking (Minor) at 19:39

2nd period

2. Predators , Max Pacioretty 11 (Derick Brassard, Cody Franson) at 16:47

Penalties :
Marco Scandella (EDM) for Tripping (Minor) at 2:15, Kyle Quincey (EDM) for Hooking (Minor) at 4:44, Kevin Hayes (NSH) for Tripping (Minor) at 9:42, Scottie Upshall (EDM) for Roughing (Minor) at 12:13

3rd period

3. Predators , Nicklas Backstrom 7 (Anton Stralman, Steven Stamkos) at 0:42
4. Oilers , Tyler Bozak 7 (Justin Williams) at 2:42
5. Oilers , Gabriel Landeskog 6 (Mikkel Boedker, Marc Methot) at 12:01

Penalties :
Steven Stamkos (NSH) for Tripping (Minor) at 2:45, Roman Josi (NSH) for Cross-checking (Minor) at 4:57, Brian Flynn (EDM) for Roughing (Minor) at 4:57, Oscar Klefbom (NSH) for Roughing (Minor) at 15:13, Drew Miller (EDM) for Roughing (Double Minor) at 15:13

Goalie Stats

Kari Lehtonen (EDM), 41 saves from 44 shots - (0.932), L, 7-6-1, 60:00 minutes
Pekka Rinne (NSH), 21 saves from 23 shots - (0.913), W, 6-4-0, 60:00 minutes

Players Stats for Oilers

Player Name              G  A  P  +/- PIM S  H  SB GA TA FO     MP     PP MP  PK MP  
------------------------------------------------------------------------------------
Aleksander Barkov        0  0  0  -1  0   1  1  0  0  0  5/13   13:33   0:00   1:31 
Antoine Vermette         0  0  0   0  0   1  1  0  0  0  1/4    15:13   0:00   3:51 
Brian Campbell           0  0  0   0  0   1  1  2  0  0  0/0    24:19   3:34   5:32 
Brian Flynn              0  0  0   0  2   0  1  0  0  0  0/2     9:09   0:00   2:33 
Dominic Moore            0  0  0   0  0   1  0  1  0  0  15/26  14:30   0:00   5:52 
Drew Miller              0  0  0   0  4   0  1  0  0  0  1/1    11:48   0:00   4:57 
Gabriel Landeskog        1  0  1   0  2   5  1  0  0  0  1/2    18:08   3:10   1:08 
Jeff Schultz             0  0  0  -1  0   1  1  1  0  0  0/0    16:16   0:00   3:55 
Justin Williams          0  1  1   0  0   0  0  0  0  0  0/1    13:53   2:47   0:00 
Kyle Quincey             0  0  0  -2  2   1  4  2  0  0  0/0    18:23   0:00   2:57 
Marc Methot              0  1  1   1  0   1  3  1  0  0  0/0    19:45   3:34   1:20 
Marc-Edouard Vlasic      0  0  0   0  0   1  0  0  0  0  0/0    22:06   2:23   5:15 
Marco Scandella          0  0  0   0  2   0  1  0  0  0  0/0    19:09   2:23   0:53 
Mikkel Boedker           0  1  1   0  0   4  0  0  0  0  0/0    17:01   3:10   0:00 
Nail Yakupov             0  0  0  -1  0   0  0  0  0  0  0/1     9:09   0:00   0:00 
Ryan Kesler              0  0  0   0  0   1  2  0  0  0  11/20  17:50   3:10   0:00 
Scottie Upshall          0  0  0  -1  2   0  5  0  0  0  1/1    11:55   2:47   0:00 
Tyler Bozak              1  0  1   0  0   5  0  0  0  0  13/21  13:53   2:47   0:00 

Players Stats for Predators

Player Name              G  A  P  +/- PIM S  H  SB GA TA FO     MP     PP MP  PK MP  
------------------------------------------------------------------------------------
Anton Stralman           0  1  1   0  0   1  0  0  0  0  0/0    23:52   5:32   2:50 
Artem Anisimov           0  0  0  -1  0   2  0  0  0  0  0/0    14:37   4:24   0:00 
Cody Franson             0  2  2   1  0   0  3  1  0  0  0/0    19:55   4:24   3:07 
Derick Brassard          0  1  1   2  0   5  0  0  0  0  14/29  20:51   4:00   0:00 
J.T. Miller              0  0  0   0  0   0  0  0  0  0  0/0     4:21   0:00   0:00 
Jaden Schwartz           0  0  0   2  0   12 0  0  0  0  1/2    18:37   4:00   0:00 
Joe Colborne             0  0  0   0  0   2  1  0  0  0  0/2     5:39   0:00   1:18 
Kevin Hayes              0  0  0  -1  2   0  1  0  0  0  0/0    10:22   0:00   0:00 
Max Pacioretty           2  0  2   2  0   7  2  0  0  0  0/2    22:25   4:00   1:34 
Nicklas Backstrom        1  0  1   0  2   6  0  0  0  0  17/34  20:45   5:56   3:05 
Oscar Klefbom            0  0  0   0  2   0  0  1  0  0  0/0    15:33   0:00   0:00 
Roman Josi               0  0  0   0  2   3  2  1  0  0  0/0    22:27   5:32   0:00 
Steven Stamkos           0  1  1   0  2   2  2  0  0  0  2/2    18:37   5:56   0:00 
T.J. Oshie               0  0  0   0  0   3  1  0  0  0  0/0    17:41   5:56   0:00 
Valtteri Filppula        0  0  0  -1  0   1  2  0  0  0  8/15   14:36   0:00   4:23 
Vladislav Namestnikov    0  0  0   0  0   0  0  0  0  0  2/6     5:55   0:00   1:34 
Zach Bogosian            0  0  0   0  0   0  3  0  0  0  0/0    18:48   0:00   2:50 
Zbynek Michalek          0  1  1   1  0   0  0  1  0  0  0/0    14:59   0:00   3:07 

3 Stars

1 - Max Pacioretty (NSH)
2 - Cody Franson (NSH)
3 - Marc Methot (EDM)

Power Play

Oilers - 0 on 3 Attempt(s) - 0.00%
Predators - 0 on 5 Attempt(s) - 0.00%

Penalty Kill

Oilers - 5 on 5 Attempt(s) - 100.00% - Score 0 goal in Penalty Kill
Predators - 3 on 3 Attempt(s) - 100.00% - Score 0 goal in Penalty Kill

Team Stat

Oilers - Hits : 22 - Faceoff Wins : 48 - Blocked Shots : 7 - Penalty Minutes : 14
Predators - Hits : 17 - Faceoff Wins : 44 - Blocked Shots : 4 - Penalty Minutes : 10

Official

Referees : Mike Leggo and Justin St. Pierre
Linesman : Steve Barton and Andy McElman

Game Notes

No Game Note

Finance

Level 1 -- Attendance: 4470 (68.77%) -- Ticket Income $536,400
Level 2 -- Attendance: 4598 (91.96%) -- Ticket Income $367,840
Level 3 -- Attendance: 2923 (83.51%) -- Ticket Income $146,150
Level 4 -- Attendance: 1113 (100.00%) -- Ticket Income $46,746
Luxury Box -- Attendance: 978 (97.80%) -- Ticket Income $180,930
Game was played at the Bridgestone Arena.
Total Attendance: 14082 (82.29%)
Total Ticket Income: $1,278,066
Other Income: $191,710
Total Income: $1,469,776

% Time on Ice - Oilers

Lines # - Real PCT - Wanted PCT - Time Play
Normal Forward
1 - 33% - 36% - 13:04
2 - 28% - 30% - 11:06
3 - 23% - 20% - 9:09
4 - 15% - 14% - 6:03
Normal Defense
1 - 32% - 30% - 12:29
2 - 29% - 30% - 11:26
3 - 33% - 29% - 13:00
4 - 6% - 11% - 2:27
PP Forward
1 - 53% - 55% - 3:10
2 - 47% - 45% - 2:47
PP Defense
1 - 40% - 50% - 2:23
2 - 60% - 50% - 3:34
PK Forward
1 - 80% - 60% - 7:57
2 - 20% - 40% - 1:59
PK Defense
1 - 50% - 50% - 4:56
2 - 50% - 50% - 5:00
PK3 Forward
1 - 0% - 50%
2 - 0% - 50%
PK3 Defense
1 - 0% - 50%
2 - 0% - 50%
44 Forward
1 - 44% - 50% - 1:44
2 - 56% - 50% - 2:14
44 Defense
1 - 66% - 50% - 2:38
2 - 34% - 50% - 1:20
Last Minute Offensive  - 0:47
Last Minute Defensive  - 0:00
Total
Forward - 60:00
Defense - 60:00

% Time on Ice - Predators

Lines # - Real PCT - Wanted PCT - Time Play
Normal Forward
1 - 35% - 38% - 13:50
2 - 30% - 35% - 11:45
3 - 24% - 25% - 9:26
4 - 11% - 2% - 4:21
Normal Defense
1 - 36% - 35% - 14:11
2 - 32% - 33% - 12:47
3 - 27% - 28% - 10:29
4 - 5% - 4% - 1:55
PP Forward
1 - 60% - 54% - 5:56
2 - 40% - 46% - 4:00
PP Defense
1 - 56% - 60% - 5:32
2 - 44% - 40% - 4:24
PK Forward
1 - 74% - 60% - 4:23
2 - 26% - 40% - 1:34
PK Defense
1 - 52% - 60% - 3:07
2 - 48% - 40% - 2:50
PK3 Forward
1 - 0% - 60%
2 - 0% - 40%
PK3 Defense
1 - 0% - 60%
2 - 0% - 40%
44 Forward
1 - 76% - 60% - 3:01
2 - 24% - 40% - 0:57
44 Defense
1 - 87% - 60% - 3:28
2 - 13% - 40% - 0:30
Last Minute Offensive  - 0:00
Last Minute Defensive  - 0:47
Total
Forward - 60:00
Defense - 60:00

Play by Play

1st period


0:01 of 1st period - Ryan Kesler wins face-off versus Derick Brassard in neutral zone.
1:00 of 1st period - Shot by Tyler Bozak.
1:00 of 1st period - Shot Misses the Net.
1:15 of 1st period - Shot by Justin Williams.
1:15 of 1st period - Shot Misses the Net.
1:17 of 1st period - Shot by Antoine Vermette.
1:17 of 1st period - Shot Misses the Net.
1:27 of 1st period - Shot by Justin Williams.
1:27 of 1st period - Deflect By Antoine Vermette.
1:27 of 1st period - Shot Blocked by Oscar Klefbom.
1:29 of 1st period - Shot by Brian Campbell.
1:29 of 1st period - Stopped by Pekka Rinne without a rebound.
1:30 of 1st period - Nicklas Backstrom wins face-off versus Aleksander Barkov in Predators zone.
1:30 of 1st period - Nicklas Backstrom is hit by Scottie Upshall.
1:51 of 1st period - Minor Penalty to Nicklas Backstrom for Hooking.
1:52 of 1st period - Ryan Kesler wins face-off versus Joe Colborne in Predators zone.
1:55 of 1st period - Shot by Mikkel Boedker.
1:55 of 1st period - Shot Blocked by Cody Franson.
2:26 of 1st period - Gabriel Landeskog is hit by Zach Bogosian and loses puck.
3:01 of 1st period - Off-side.
3:02 of 1st period - Tyler Bozak wins face-off versus Joe Colborne in neutral zone.
3:02 of 1st period - Tyler Bozak is hit by Joe Colborne.
3:07 of 1st period - Off-side.
3:08 of 1st period - Scottie Upshall wins face-off versus Max Pacioretty in neutral zone.
3:42 of 1st period - Brian Campbell is hit by Cody Franson and loses puck.
5:01 of 1st period - Shot by Valtteri Filppula.
5:01 of 1st period - Stopped by Kari Lehtonen with a rebound.
5:03 of 1st period - Shot by Artem Anisimov.
5:03 of 1st period - Stopped by Kari Lehtonen with a rebound.
5:05 of 1st period - Shot by Artem Anisimov.
5:05 of 1st period - Stopped by Kari Lehtonen without a rebound.
5:06 of 1st period - Derick Brassard wins face-off versus Tyler Bozak in Oilers zone.
5:11 of 1st period - Shot by Jaden Schwartz.
5:11 of 1st period - Stopped by Kari Lehtonen without a rebound.
5:12 of 1st period - Derick Brassard wins face-off versus Aleksander Barkov in Oilers zone.
5:21 of 1st period - Shot by Derick Brassard.
5:21 of 1st period - Stopped by Kari Lehtonen without a rebound.
5:22 of 1st period - Tyler Bozak wins face-off versus Valtteri Filppula in Oilers zone.
5:45 of 1st period - Off-side.
5:46 of 1st period - Steven Stamkos wins face-off versus Ryan Kesler in neutral zone.
5:58 of 1st period - Ryan Kesler is hit by Steven Stamkos and loses puck.
6:30 of 1st period - Shot by Mikkel Boedker.
6:30 of 1st period - Shot Misses the Net.
7:07 of 1st period - Shot by Tyler Bozak.
7:07 of 1st period - Stopped by Pekka Rinne without a rebound.
7:08 of 1st period - Aleksander Barkov wins face-off versus Valtteri Filppula in Predators zone.
7:09 of 1st period - Shot by Nail Yakupov.
7:09 of 1st period - Deflect By Aleksander Barkov.
7:09 of 1st period - Stopped by Pekka Rinne without a rebound.
7:10 of 1st period - Valtteri Filppula wins face-off versus Aleksander Barkov in Predators zone.
7:10 of 1st period - Valtteri Filppula is hit by Scottie Upshall.
7:39 of 1st period - Valtteri Filppula is hit by Marc Methot and loses puck.
8:33 of 1st period - Shot by Jaden Schwartz.
8:33 of 1st period - Stopped by Kari Lehtonen without a rebound.
8:34 of 1st period - Ryan Kesler wins face-off versus Vladislav Namestnikov in Oilers zone.
8:45 of 1st period - Vladislav Namestnikov is hit by Ryan Kesler.
9:00 of 1st period - Icing by Anton Stralman.
9:01 of 1st period - Tyler Bozak wins face-off versus Vladislav Namestnikov in Predators zone.
9:47 of 1st period - Shot by Max Pacioretty.
9:47 of 1st period - Goal by Max Pacioretty - Oilers : 0 - Predators : 1.
9:48 of 1st period - Ryan Kesler wins face-off versus Valtteri Filppula in neutral zone.
10:21 of 1st period - Marco Scandella is hit by Valtteri Filppula and loses puck.
10:32 of 1st period - Shot by Kevin Hayes.
10:32 of 1st period - Shot Misses the Net.
10:55 of 1st period - Max Pacioretty is hit by Marco Scandella and loses puck.
11:06 of 1st period - Shot by Derick Brassard.
11:06 of 1st period - Stopped by Kari Lehtonen without a rebound.
11:07 of 1st period - Nicklas Backstrom wins face-off versus Tyler Bozak in Oilers zone.
11:32 of 1st period - Shot by T.J. Oshie.
11:32 of 1st period - Stopped by Kari Lehtonen without a rebound.
11:33 of 1st period - Drew Miller wins face-off versus Derick Brassard in Oilers zone.
12:12 of 1st period - Shot by Max Pacioretty.
12:12 of 1st period - Stopped by Kari Lehtonen with a rebound.
12:22 of 1st period - Max Pacioretty is hit by Drew Miller and loses puck.
12:30 of 1st period - Icing by Zbynek Michalek.
12:31 of 1st period - Tyler Bozak wins face-off versus Derick Brassard in Predators zone.
13:04 of 1st period - Shot by Antoine Vermette.
13:04 of 1st period - Stopped by Pekka Rinne without a rebound.
13:05 of 1st period - Ryan Kesler wins face-off versus Nicklas Backstrom in Predators zone.
13:26 of 1st period - Shot by Steven Stamkos.
13:26 of 1st period - Stopped by Kari Lehtonen without a rebound.
13:27 of 1st period - Valtteri Filppula wins face-off versus Aleksander Barkov in Oilers zone.
14:09 of 1st period - Aleksander Barkov is hit by Kevin Hayes.
14:16 of 1st period - Off-side.
14:17 of 1st period - Ryan Kesler wins face-off versus Nicklas Backstrom in neutral zone.
14:20 of 1st period - Shot by Mikkel Boedker.
14:20 of 1st period - Shot Misses the Net.
14:40 of 1st period - Shot by T.J. Oshie.
14:40 of 1st period - Shot Misses the Net.
15:00 of 1st period - Shot by Steven Stamkos.
15:00 of 1st period - Stopped by Kari Lehtonen without a rebound.
15:01 of 1st period - Derick Brassard wins face-off versus Tyler Bozak in Oilers zone.
15:02 of 1st period - Shot by Jaden Schwartz.
15:02 of 1st period - Stopped by Kari Lehtonen with a rebound.
15:06 of 1st period - Shot by Max Pacioretty.
15:06 of 1st period - Shot Misses the Net.
15:08 of 1st period - Shot by Derick Brassard.
15:08 of 1st period - Stopped by Kari Lehtonen with a rebound.
15:10 of 1st period - Shot by Jaden Schwartz.
15:10 of 1st period - Shot Misses the Net.
15:18 of 1st period - Shot by Jaden Schwartz.
15:18 of 1st period - Stopped by Kari Lehtonen with a rebound.
15:20 of 1st period - Shot by Max Pacioretty.
15:20 of 1st period - Stopped by Kari Lehtonen without a rebound.
15:21 of 1st period - Dominic Moore wins face-off versus Valtteri Filppula in Oilers zone.
15:37 of 1st period - Roman Josi is hit by Marc Methot and loses puck.
15:56 of 1st period - Icing by Marc Methot.
15:57 of 1st period - Nicklas Backstrom wins face-off versus Dominic Moore in Oilers zone.
15:58 of 1st period - Shot by Zach Bogosian.
15:58 of 1st period - Shot Blocked by Marc Methot.
16:06 of 1st period - Shot by Steven Stamkos.
16:06 of 1st period - Deflect By Nicklas Backstrom.
16:06 of 1st period - Stopped by Kari Lehtonen with a rebound.
16:28 of 1st period - Shot by Steven Stamkos.
16:28 of 1st period - Shot Misses the Net.
16:30 of 1st period - Shot by T.J. Oshie.
16:30 of 1st period - Stopped by Kari Lehtonen without a rebound.
16:31 of 1st period - Tyler Bozak wins face-off versus Derick Brassard in Oilers zone.
16:35 of 1st period - Off-side.
16:36 of 1st period - Tyler Bozak wins face-off versus Derick Brassard in neutral zone.
16:43 of 1st period - Shot by Tyler Bozak.
16:43 of 1st period - Deflect By Antoine Vermette.
16:43 of 1st period - Shot Blocked by Roman Josi.
17:08 of 1st period - Antoine Vermette is hit by Cody Franson and loses puck.
17:11 of 1st period - Shot by Antoine Vermette.
17:11 of 1st period - Shot Misses the Net.
17:13 of 1st period - Shot by Marco Scandella.
17:13 of 1st period - Shot Misses the Net.
18:11 of 1st period - Shot by Gabriel Landeskog.
18:11 of 1st period - Stopped by Pekka Rinne without a rebound.
18:12 of 1st period - Aleksander Barkov wins face-off versus Valtteri Filppula in Predators zone.
19:07 of 1st period - Roman Josi is hit by Kyle Quincey and loses puck.
19:31 of 1st period - Off-side.
19:32 of 1st period - Ryan Kesler wins face-off versus Nicklas Backstrom in neutral zone.
19:39 of 1st period - Minor Penalty to Gabriel Landeskog for Cross-checking.
19:40 of 1st period - Nicklas Backstrom wins face-off versus Dominic Moore in Oilers zone.
Goals for this period are 0 for Oilers vs 1 for Predators.
Shots for this period are 5 for Oilers vs 18 for Predators.

2nd period


0:01 of 2nd period - Nicklas Backstrom wins face-off versus Dominic Moore in neutral zone.
0:03 of 2nd period - Steven Stamkos is hit by Kyle Quincey and loses puck.
0:28 of 2nd period - Shot by Anton Stralman.
0:28 of 2nd period - Shot Blocked by Brian Campbell.
0:30 of 2nd period - Shot by T.J. Oshie.
0:30 of 2nd period - Shot Misses the Net.
0:40 of 2nd period - Shot by Roman Josi.
0:40 of 2nd period - Stopped by Kari Lehtonen without a rebound.
0:41 of 2nd period - Dominic Moore wins face-off versus Derick Brassard in Oilers zone.
0:41 of 2nd period - Dominic Moore is hit by Max Pacioretty.
1:06 of 2nd period - Shot by Artem Anisimov.
1:06 of 2nd period - Shot Misses the Net.
1:13 of 2nd period - Shot by Artem Anisimov.
1:13 of 2nd period - Shot Misses the Net.
1:15 of 2nd period - Shot by Jaden Schwartz.
1:15 of 2nd period - Stopped by Kari Lehtonen without a rebound.
1:16 of 2nd period - Steven Stamkos wins face-off versus Antoine Vermette in Oilers zone.
1:29 of 2nd period - Shot by Anton Stralman.
1:29 of 2nd period - Shot Blocked by Kyle Quincey.
1:58 of 2nd period - Shot by Gabriel Landeskog.
1:58 of 2nd period - Stopped by Pekka Rinne without a rebound.
1:59 of 2nd period - Derick Brassard wins face-off versus Tyler Bozak in Predators zone.
2:09 of 2nd period - Roman Josi is hit by Antoine Vermette and loses puck.
2:15 of 2nd period - Minor Penalty to Marco Scandella for Tripping.
2:16 of 2nd period - Dominic Moore wins face-off versus Nicklas Backstrom in Oilers zone.
2:39 of 2nd period - Shot by Nicklas Backstrom.
2:39 of 2nd period - Stopped by Kari Lehtonen with a rebound.
2:51 of 2nd period - Shot by Anton Stralman.
2:51 of 2nd period - Shot Misses the Net.
2:53 of 2nd period - Shot by Roman Josi.
2:53 of 2nd period - Shot Blocked by Brian Campbell.
3:22 of 2nd period - Shot by Artem Anisimov.
3:22 of 2nd period - Shot Misses the Net.
3:24 of 2nd period - Shot by Jaden Schwartz.
3:24 of 2nd period - Stopped by Kari Lehtonen with a rebound.
3:44 of 2nd period - Shot by Max Pacioretty.
3:44 of 2nd period - Shot Blocked by Dominic Moore.
3:46 of 2nd period - Shot by Jaden Schwartz.
3:46 of 2nd period - Shot Misses the Net.
3:48 of 2nd period - Shot by Jaden Schwartz.
3:48 of 2nd period - Shot Misses the Net.
4:27 of 2nd period - J.T. Miller is hit by Kyle Quincey and loses puck.
4:40 of 2nd period - Vladislav Namestnikov is hit by Jeff Schultz and loses puck.
4:44 of 2nd period - Minor Penalty to Kyle Quincey for Hooking.
4:45 of 2nd period - Derick Brassard wins face-off versus Antoine Vermette in Oilers zone.
4:46 of 2nd period - Shot by Jaden Schwartz.
4:46 of 2nd period - Shot Misses the Net.
4:52 of 2nd period - Shot by Roman Josi.
4:52 of 2nd period - Stopped by Kari Lehtonen without a rebound.
4:53 of 2nd period - Nicklas Backstrom wins face-off versus Antoine Vermette in Oilers zone.
4:54 of 2nd period - Shot by Steven Stamkos.
4:54 of 2nd period - Shot Blocked by Jeff Schultz.
5:46 of 2nd period - Shot by Jaden Schwartz.
5:46 of 2nd period - Shot Misses the Net.
6:00 of 2nd period - Shot by Max Pacioretty.
6:00 of 2nd period - Shot Misses the Net.
6:02 of 2nd period - Shot by Jaden Schwartz.
6:02 of 2nd period - Deflect By Derick Brassard.
6:02 of 2nd period - Shot Misses the Net.
6:04 of 2nd period - Shot by Cody Franson.
6:04 of 2nd period - Shot Misses the Net.
6:06 of 2nd period - Shot by Cody Franson.
6:06 of 2nd period - Shot Misses the Net.
6:55 of 2nd period - Oscar Klefbom is hit by Gabriel Landeskog and loses puck.
7:22 of 2nd period - Shot by Joe Colborne.
7:22 of 2nd period - Stopped by Kari Lehtonen without a rebound.
7:23 of 2nd period - Valtteri Filppula wins face-off versus Nail Yakupov in Oilers zone.
7:50 of 2nd period - Icing by Jeff Schultz.
7:51 of 2nd period - Derick Brassard wins face-off versus Aleksander Barkov in Oilers zone.
8:52 of 2nd period - Shot by T.J. Oshie.
8:52 of 2nd period - Shot Misses the Net.
9:25 of 2nd period - Icing by Marc-Edouard Vlasic.
9:26 of 2nd period - Valtteri Filppula wins face-off versus Ryan Kesler in Oilers zone.
9:42 of 2nd period - Minor Penalty to Kevin Hayes for Tripping.
9:43 of 2nd period - Nicklas Backstrom wins face-off versus Tyler Bozak in Predators zone.
10:00 of 2nd period - Shot by Brian Campbell.
10:00 of 2nd period - Shot Blocked by Zbynek Michalek.
11:05 of 2nd period - Shot by Mikkel Boedker.
11:05 of 2nd period - Shot Misses the Net.
11:07 of 2nd period - Shot by Gabriel Landeskog.
11:07 of 2nd period - Stopped by Pekka Rinne without a rebound.
11:08 of 2nd period - Gabriel Landeskog wins face-off versus Nicklas Backstrom in Predators zone.
11:19 of 2nd period - Shot by Gabriel Landeskog.
11:19 of 2nd period - Shot Misses the Net.
11:21 of 2nd period - Shot by Brian Campbell.
11:21 of 2nd period - Shot Misses the Net.
11:23 of 2nd period - Shot by Marc Methot.
11:23 of 2nd period - Stopped by Pekka Rinne with a rebound.
11:25 of 2nd period - Shot by Mikkel Boedker.
11:25 of 2nd period - Stopped by Pekka Rinne without a rebound.
11:26 of 2nd period - Tyler Bozak wins face-off versus Max Pacioretty in Predators zone.
11:31 of 2nd period - Shot by Marc-Edouard Vlasic.
11:31 of 2nd period - Stopped by Pekka Rinne without a rebound.
11:32 of 2nd period - Tyler Bozak wins face-off versus Nicklas Backstrom in Predators zone.
11:57 of 2nd period - Shot by Max Pacioretty.
11:57 of 2nd period - Stopped by Kari Lehtonen without a rebound.
11:58 of 2nd period - Vladislav Namestnikov wins face-off versus Aleksander Barkov in Oilers zone.
12:13 of 2nd period - Minor Penalty to Scottie Upshall for Roughing.
12:14 of 2nd period - Dominic Moore wins face-off versus Derick Brassard in Oilers zone.
12:23 of 2nd period - Shot by Jaden Schwartz.
12:23 of 2nd period - Stopped by Kari Lehtonen without a rebound.
12:24 of 2nd period - Dominic Moore wins face-off versus Nicklas Backstrom in Oilers zone.
12:30 of 2nd period - Icing by Anton Stralman.
12:31 of 2nd period - Dominic Moore wins face-off versus Nicklas Backstrom in Predators zone.
12:32 of 2nd period - Shot by Kyle Quincey.
12:32 of 2nd period - Stopped by Pekka Rinne without a rebound.
12:33 of 2nd period - Dominic Moore wins face-off versus Nicklas Backstrom in Predators zone.
12:46 of 2nd period - Shot by Dominic Moore.
12:46 of 2nd period - Stopped by Pekka Rinne without a rebound.
12:47 of 2nd period - Jaden Schwartz wins face-off versus Dominic Moore in Predators zone.
13:21 of 2nd period - Jeff Schultz is hit by Cody Franson and loses puck.
13:25 of 2nd period - Icing by Max Pacioretty.
13:26 of 2nd period - Derick Brassard wins face-off versus Dominic Moore in Predators zone.
13:31 of 2nd period - Shot by Jaden Schwartz.
13:31 of 2nd period - Stopped by Kari Lehtonen without a rebound.
13:32 of 2nd period - Dominic Moore wins face-off versus Nicklas Backstrom in Oilers zone.
13:32 of 2nd period - Dominic Moore is hit by Steven Stamkos.
14:17 of 2nd period - Shot by Gabriel Landeskog.
14:17 of 2nd period - Stopped by Pekka Rinne without a rebound.
14:18 of 2nd period - Ryan Kesler wins face-off versus Derick Brassard in Predators zone.
14:31 of 2nd period - Shot by Mikkel Boedker.
14:31 of 2nd period - Stopped by Pekka Rinne without a rebound.
14:32 of 2nd period - Valtteri Filppula wins face-off versus Tyler Bozak in Predators zone.
14:41 of 2nd period - Antoine Vermette is hit by Valtteri Filppula and loses puck.
16:01 of 2nd period - Shot by Gabriel Landeskog.
16:01 of 2nd period - Shot Misses the Net.
16:05 of 2nd period - Shot by Mikkel Boedker.
16:05 of 2nd period - Stopped by Pekka Rinne without a rebound.
16:06 of 2nd period - Aleksander Barkov wins face-off versus Derick Brassard in Predators zone.
16:39 of 2nd period - Cody Franson is hit by Scottie Upshall.
16:44 of 2nd period - Derick Brassard is hit by Kyle Quincey and loses puck.
16:47 of 2nd period - Shot by Max Pacioretty.
16:47 of 2nd period - Goal by Max Pacioretty - Oilers : 0 - Predators : 2.
16:48 of 2nd period - Valtteri Filppula wins face-off versus Ryan Kesler in neutral zone.
17:26 of 2nd period - Roman Josi is hit by Ryan Kesler and loses puck.
18:23 of 2nd period - Shot by Tyler Bozak.
18:23 of 2nd period - Stopped by Pekka Rinne without a rebound.
18:24 of 2nd period - Derick Brassard wins face-off versus Dominic Moore in Predators zone.
18:34 of 2nd period - Shot by Max Pacioretty.
18:34 of 2nd period - Deflect By Jaden Schwartz.
18:34 of 2nd period - Shot Misses the Net.
18:36 of 2nd period - Shot by Jaden Schwartz.
18:36 of 2nd period - Stopped by Kari Lehtonen without a rebound.
18:37 of 2nd period - Vladislav Namestnikov wins face-off versus Aleksander Barkov in Oilers zone.
18:48 of 2nd period - Shot by J.T. Miller.
18:48 of 2nd period - Shot Blocked by Kyle Quincey.
18:50 of 2nd period - Shot by J.T. Miller.
18:50 of 2nd period - Shot Misses the Net.
18:55 of 2nd period - Icing by Jeff Schultz.
18:56 of 2nd period - Aleksander Barkov wins face-off versus Jaden Schwartz in Oilers zone.
19:07 of 2nd period - Shot by Aleksander Barkov.
19:07 of 2nd period - Deflect By Scottie Upshall.
19:07 of 2nd period - Shot Misses the Net.
19:17 of 2nd period - Shot by Derick Brassard.
19:17 of 2nd period - Shot Misses the Net.
19:35 of 2nd period - Shot by Anton Stralman.
19:35 of 2nd period - Shot Misses the Net.
19:53 of 2nd period - Shot by Nicklas Backstrom.
19:53 of 2nd period - Stopped by Kari Lehtonen without a rebound.
19:54 of 2nd period - Nicklas Backstrom wins face-off versus Ryan Kesler in Oilers zone.
Goals for this period are 0 for Oilers vs 1 for Predators.
Shots for this period are 11 for Oilers vs 12 for Predators.

3rd period


0:01 of 3rd period - Nicklas Backstrom wins face-off versus Ryan Kesler in neutral zone.
0:12 of 3rd period - Shot by T.J. Oshie.
0:12 of 3rd period - Shot Misses the Net.
0:42 of 3rd period - Shot by Nicklas Backstrom.
0:42 of 3rd period - Goal by Nicklas Backstrom - Oilers : 0 - Predators : 3.
0:43 of 3rd period - Derick Brassard wins face-off versus Justin Williams in neutral zone.
0:52 of 3rd period - Shot by Jaden Schwartz.
0:52 of 3rd period - Stopped by Kari Lehtonen with a rebound.
0:58 of 3rd period - Shot by Jaden Schwartz.
0:58 of 3rd period - Stopped by Kari Lehtonen without a rebound.
0:59 of 3rd period - Dominic Moore wins face-off versus Valtteri Filppula in Oilers zone.
2:21 of 3rd period - Shot by Jaden Schwartz.
2:21 of 3rd period - Shot Misses the Net.
2:27 of 3rd period - Shot by Derick Brassard.
2:27 of 3rd period - Shot Misses the Net.
2:35 of 3rd period - Shot by Max Pacioretty.
2:35 of 3rd period - Stopped by Kari Lehtonen without a rebound.
2:36 of 3rd period - Tyler Bozak wins face-off versus Nicklas Backstrom in Oilers zone.
2:36 of 3rd period - Tyler Bozak is hit by T.J. Oshie.
2:42 of 3rd period - Shot by Tyler Bozak.
2:42 of 3rd period - Goal by Tyler Bozak - Oilers : 1 - Predators : 3.
2:43 of 3rd period - Nicklas Backstrom wins face-off versus Tyler Bozak in neutral zone.
2:45 of 3rd period - Minor Penalty to Steven Stamkos for Tripping.
2:46 of 3rd period - Ryan Kesler wins face-off versus Nicklas Backstrom in Predators zone.
3:00 of 3rd period - Icing by Marc Methot.
3:01 of 3rd period - Ryan Kesler wins face-off versus Nicklas Backstrom in Oilers zone.
3:37 of 3rd period - Icing by Ryan Kesler.
3:38 of 3rd period - Nicklas Backstrom wins face-off versus Ryan Kesler in Oilers zone.
3:38 of 3rd period - Nicklas Backstrom is hit by Marc Methot.
3:52 of 3rd period - Icing by Marc Methot.
3:53 of 3rd period - Nicklas Backstrom wins face-off versus Gabriel Landeskog in Oilers zone.
4:01 of 3rd period - Off-side.
4:02 of 3rd period - Tyler Bozak wins face-off versus Nicklas Backstrom in neutral zone.
4:29 of 3rd period - Icing by Marc-Edouard Vlasic.
4:30 of 3rd period - Nicklas Backstrom wins face-off versus Tyler Bozak in Oilers zone.
4:38 of 3rd period - Off-side.
4:39 of 3rd period - Nicklas Backstrom wins face-off versus Ryan Kesler in neutral zone.
4:57 of 3rd period - Minor Penalty to Roman Josi for Cross-checking.
4:57 of 3rd period - Minor Penalty to Brian Flynn for Roughing.
4:58 of 3rd period - Dominic Moore wins face-off versus Derick Brassard in Predators zone.
5:23 of 3rd period - Shot by Derick Brassard.
5:23 of 3rd period - Stopped by Kari Lehtonen without a rebound.
5:24 of 3rd period - Aleksander Barkov wins face-off versus Derick Brassard in Oilers zone.
5:24 of 3rd period - Aleksander Barkov is hit by Max Pacioretty.
5:45 of 3rd period - Anton Stralman is hit by Aleksander Barkov and loses puck.
7:03 of 3rd period - Shot by Joe Colborne.
7:03 of 3rd period - Stopped by Kari Lehtonen without a rebound.
7:04 of 3rd period - Tyler Bozak wins face-off versus Vladislav Namestnikov in Oilers zone.
7:40 of 3rd period - Shot by J.T. Miller.
7:40 of 3rd period - Shot Misses the Net.
8:02 of 3rd period - Shot by Steven Stamkos.
8:02 of 3rd period - Shot Misses the Net.
8:26 of 3rd period - Shot by Nicklas Backstrom.
8:26 of 3rd period - Stopped by Kari Lehtonen without a rebound.
8:27 of 3rd period - Ryan Kesler wins face-off versus Derick Brassard in Oilers zone.
8:40 of 3rd period - Shot by Jaden Schwartz.
8:40 of 3rd period - Shot Misses the Net.
8:47 of 3rd period - Mikkel Boedker is hit by Roman Josi and loses puck.
10:10 of 3rd period - Icing by T.J. Oshie.
10:11 of 3rd period - Nicklas Backstrom wins face-off versus Dominic Moore in Predators zone.
10:23 of 3rd period - Icing by Brian Campbell.
10:24 of 3rd period - Dominic Moore wins face-off versus Valtteri Filppula in Oilers zone.
10:26 of 3rd period - Brian Campbell is hit by Zach Bogosian and loses puck.
10:38 of 3rd period - Icing by Drew Miller.
10:39 of 3rd period - Derick Brassard wins face-off versus Dominic Moore in Oilers zone.
11:34 of 3rd period - Icing by Oscar Klefbom.
11:35 of 3rd period - Tyler Bozak wins face-off versus Nicklas Backstrom in Predators zone.
11:51 of 3rd period - Off-side.
11:52 of 3rd period - Valtteri Filppula wins face-off versus Ryan Kesler in neutral zone.
12:01 of 3rd period - Shot by Gabriel Landeskog.
12:01 of 3rd period - Goal by Gabriel Landeskog - Oilers : 2 - Predators : 3.
12:02 of 3rd period - Antoine Vermette wins face-off versus Nicklas Backstrom in neutral zone.
12:40 of 3rd period - Shot by Tyler Bozak.
12:40 of 3rd period - Stopped by Pekka Rinne with a rebound.
12:42 of 3rd period - Shot by Jeff Schultz.
12:42 of 3rd period - Stopped by Pekka Rinne without a rebound.
12:43 of 3rd period - Derick Brassard wins face-off versus Ryan Kesler in Predators zone.
13:04 of 3rd period - Shot by Ryan Kesler.
13:04 of 3rd period - Stopped by Pekka Rinne without a rebound.
13:05 of 3rd period - Valtteri Filppula wins face-off versus Aleksander Barkov in Predators zone.
13:05 of 3rd period - Cody Franson is hit by Scottie Upshall and loses puck.
13:30 of 3rd period - Cody Franson is hit by Scottie Upshall and loses puck.
14:39 of 3rd period - Shot by Mikkel Boedker.
14:39 of 3rd period - Stopped by Pekka Rinne without a rebound.
14:40 of 3rd period - Tyler Bozak wins face-off versus Nicklas Backstrom in Predators zone.
14:40 of 3rd period - Tyler Bozak is hit by Roman Josi.
14:52 of 3rd period - Shot by Antoine Vermette.
14:52 of 3rd period - Deflect By Tyler Bozak.
14:52 of 3rd period - Stopped by Pekka Rinne without a rebound.
14:53 of 3rd period - Dominic Moore wins face-off versus Vladislav Namestnikov in Predators zone.
15:13 of 3rd period - Minor Penalty to Oscar Klefbom for Roughing.
15:13 of 3rd period - Double Minor Penalty to Drew Miller for Roughing.
15:14 of 3rd period - Dominic Moore wins face-off versus Derick Brassard in Predators zone.
15:14 of 3rd period - Dominic Moore is hit by Zach Bogosian.
15:22 of 3rd period - Shot by Derick Brassard.
15:22 of 3rd period - Stopped by Kari Lehtonen without a rebound.
15:23 of 3rd period - Derick Brassard wins face-off versus Brian Flynn in Oilers zone.
15:36 of 3rd period - Shot by Max Pacioretty.
15:36 of 3rd period - Shot Misses the Net.
15:38 of 3rd period - Shot by Roman Josi.
15:38 of 3rd period - Deflect By Max Pacioretty.
15:38 of 3rd period - Shot Misses the Net.
15:52 of 3rd period - Max Pacioretty is hit by Brian Flynn and loses puck.
15:56 of 3rd period - Icing by Roman Josi.
15:57 of 3rd period - Derick Brassard wins face-off versus Dominic Moore in Predators zone.
16:12 of 3rd period - Shot by Max Pacioretty.
16:12 of 3rd period - Stopped by Kari Lehtonen without a rebound.
16:13 of 3rd period - Dominic Moore wins face-off versus Derick Brassard in Oilers zone.
16:23 of 3rd period - Icing by Derick Brassard.
16:24 of 3rd period - Dominic Moore wins face-off versus Derick Brassard in Predators zone.
16:43 of 3rd period - Shot by Max Pacioretty.
16:43 of 3rd period - Shot Misses the Net.
16:45 of 3rd period - Shot by Roman Josi.
16:45 of 3rd period - Shot Misses the Net.
17:01 of 3rd period - Shot by Steven Stamkos.
17:01 of 3rd period - Shot Hit the Post.
17:03 of 3rd period - Shot by Kevin Hayes.
17:03 of 3rd period - Shot Misses the Net.
17:07 of 3rd period - Shot by Kevin Hayes.
17:07 of 3rd period - Shot Misses the Net.
17:13 of 3rd period - Shot by Anton Stralman.
17:13 of 3rd period - Stopped by Kari Lehtonen without a rebound.
17:14 of 3rd period - Nicklas Backstrom wins face-off versus Brian Flynn in Oilers zone.
17:14 of 3rd period - Nicklas Backstrom is hit by Brian Campbell.
17:18 of 3rd period - Shot by Steven Stamkos.
17:18 of 3rd period - Deflect By Nicklas Backstrom.
17:18 of 3rd period - Stopped by Kari Lehtonen without a rebound.
17:19 of 3rd period - Nicklas Backstrom wins face-off versus Dominic Moore in Oilers zone.
17:42 of 3rd period - Shot by T.J. Oshie.
17:42 of 3rd period - The goal is going for a video replay.
17:42 of 3rd period - The goal is refused.
17:43 of 3rd period - Derick Brassard wins face-off versus Dominic Moore in Oilers zone.
18:15 of 3rd period - Shot by Roman Josi.
18:15 of 3rd period - Stopped by Kari Lehtonen with a rebound.
18:17 of 3rd period - Shot by Jaden Schwartz.
18:17 of 3rd period - Stopped by Kari Lehtonen with a rebound.
18:53 of 3rd period - Shot by Nicklas Backstrom.
18:53 of 3rd period - Deflect By T.J. Oshie.
18:53 of 3rd period - Shot Misses the Net.
Goals for this period are 2 for Oilers vs 1 for Predators.
Shots for this period are 7 for Oilers vs 14 for Predators.